 Dungeon Crawl Stone Soup version 0.21.1-1-g345015f (webtiles) character file.

450 Mirai the Thaumaturge (level 6, 0/32 HPs)
             Began as a Deep Elf Conjurer on Mar 23, 2018.
             Slain by an iguana (9 damage)
             ... on level 4 of the Dungeon.
             The game lasted 00:08:51 (4239 turns).

Mirai the Thaumaturge (Deep Elf Conjurer)           Turns: 4239, Time: 00:08:51

Health: 0/32       AC:  5    Str:  5    XL:     6   Next: 74%
Magic:  11/20      EV: 13    Int: 22    God:
Gold:   205        SH:  0    Dex: 15    Spells: 12/23 levels left

rFire    . . .     SeeInvis .   m - +4 quarterstaff (chaos)
rCold    . . .     Gourm    .   (shield currently unavailable)
rNeg     . . .     Faith    .   a - +0 robe
rPois    .         Spirit   .   n - +0 helmet
rElec    .         Reflect  .   t - +0 cloak
rCorr    .         Harm     .   (no gloves)
MR       .....                  h - +0 pair of boots
Stlth    ++........             (no amulet)
HPRegen  0.10/turn              (no ring)
MPRegen  0.17/turn              (no ring)

@: very slightly contaminated
A: no striking features
a: no special abilities


You were on level 4 of the Dungeon.
You were hungry.

You visited 1 branch of the dungeon, and saw 4 of its levels.

You collected 205 gold pieces.

Inventory:

Hand Weapons
 m - a +4 quarterstaff of chaos (weapon)
Armour
 a - a +0 robe (worn)
 h - a +0 pair of boots (worn)
 l - a +2 scale mail of fire resistance
 n - a +0 helmet (worn)
 t - a +0 cloak (worn)
Wands
 o - a wand of clouds (6)
Scrolls
 d - a scroll of identify {unknown}
 f - a scroll of amnesia {unknown}
 j - a scroll of blinking {unknown}
 k - a scroll of teleportation {unknown}
 q - 3 scrolls of enchant weapon {unknown}
 s - a scroll of remove curse {unknown}
Potions
 e - a potion of heal wounds {unknown}
 g - a potion of lignification {unknown}
 i - a potion of resistance {unknown}
 p - a potion of cancellation {unknown}
 r - 2 potions of agility {unknown}
Books
 b - a book of Conjurations

   Spells                             Type                      Level
   a - Magic Dart                     Conjuration                  1
   b - Searing Ray                    Conjuration                  2
   c - Dazzling Spray                 Conjuration/Hexes            3
   d - Fulminant Prism                Conjuration/Hexes            4
   e - Force Lance                    Conjuration/Translocation    4
   f - Iskenderun's Mystic Blast      Conjuration                  4
Comestibles
 c - 7 rations


   Skills:
 - Level 2.4 Dodging
 - Level 2.4 Stealth
 * Level 9.2 Spellcasting
 + Level 5.0 Conjurations


You had 12 spell levels left.
You knew the following spells:

 Your Spells              Type           Power        Failure   Level  Hunger
a - Magic Dart            Conj           ####         1%          1    None
b - Searing Ray           Conj           ####..       1%          2    None
c - Iskenderun's Mystic   Conj           ####....     8%          4    ##.....
d - Fulminant Prism       Conj/Hex       ###.......   22%         4    ##.....


Dungeon Overview and Level Annotations

Branches:
Dungeon (4/15)
 Temple: D:4-7

Altars:
Cheibriados
Elyvilon
Yredelemnul


Message History

The iguana bites you!
Casting: Magic Dart
Confirm with . or Enter, or press ? or * to list all spells.
Aiming: Magic Dart
Press: ? - help, Shift-Dir - straight line, f/p - iguana
Aim: an iguana (almost dead)
The magic dart hits the iguana.
The iguana is almost dead.
The iguana closely misses you.
Casting: Magic Dart
Confirm with . or Enter, or press ? or * to list all spells.
Aiming: Searing Ray
Press: ? - help, Shift-Dir - straight line, f/p - iguana
Aim: an iguana (almost dead)
You miscast Searing Ray.
You are very lightly contaminated with residual magic.
Strange energies run through your body. The iguana bites you!
* * * LOW HITPOINT WARNING * * *
The iguana bites you!
You die...

######### ..#.....#
#.#.....# ##
#.#$....# ..
#.#.....# # #.
#.#l....## .
#.##.##..@.....#
##.
........##.##.###
#..
###.###<........#
#.# #.......#####.#
#.# #####.#.# #.#
#.# #.#.# #.###.#
#...# #.....#####
#.#.#####.##.......
#.........##.##.##.


You could see an iguana.

Vanquished Creatures
  Sigmund (D:2)
  Crazy Yiuf (D:3)
  Terence (D:3)
  Natasha (thrice) (D:3)
  A worker ant (D:4)
  3 adders (D:3)
  2 oozes (D:2)
  An adder skeleton (D:4)
  2 worms (D:2)
  3 dart slugs
  2 leopard geckos
  4 orcs (D:3)
  A ball python (D:2)
  11 bats
  5 giant cockroaches
  8 goblins
  7 hobgoblins
  6 jackals
  2 quokkas (D:3)
  3 frilled lizards
  4 kobolds
  A leopard gecko zombie (D:3)
  19 rats
91 creatures vanquished.

Notes
Turn   | Place    | Note
-------+----------+-------------------------------------------
     0 | D:1      | Mirai the Deep Elf Conjurer began the quest for the Orb.
     0 | D:1      | Reached XP level 1. HP: 10/10 MP: 6/6
   110 | D:1      | Reached skill level 4 in Spellcasting
   110 | D:1      | Reached XP level 2. HP: 13/15 MP: 1/9
   584 | D:1      | Reached XP level 3. HP: 19/19 MP: 9/11
   591 | D:1      | Reached skill level 5 in Spellcasting
  1157 | D:2      | Learned a level 2 spell: Searing Ray
  1203 | D:2      | Found a snail-covered altar of Cheibriados.
  1239 | D:2      | Found a white marble altar of Elyvilon.
  1537 | D:2      | Reached XP level 4. HP: 24/24 MP: 6/13
  1592 | D:2      | Noticed Sigmund
  1936 | D:2      | Killed Sigmund
  1936 | D:2      | Reached skill level 8 in Spellcasting
  1936 | D:2      | Reached XP level 5. HP: 11/28 MP: 5/17
  2090 | D:2      | Learned a level 4 spell: Iskenderun's Mystic Blast
  2095 | D:2      | Learned a level 4 spell: Fulminant Prism
  2128 | D:2      | Found a basalt altar of Yredelemnul.
  3162 | D:3      | Found a runed door.
  3166 | D:3      | Noticed Crazy Yiuf
  3172 | D:3      | Killed Crazy Yiuf
  3172 | D:3      | Reached XP level 6. HP: 18/32 MP: 8/19
  3448 | D:3      | Noticed Natasha
  3455 | D:3      | Killed Natasha
  3537 | D:3      | Noticed Terence
  3537 | D:3      | Noticed Natasha
  3544 | D:3      | Killed Natasha
  3549 | D:3      | Killed Terence
  3549 | D:3      | Reached skill level 9 in Spellcasting
  4073 | D:3      | Noticed Natasha
  4076 | D:3      | Killed Natasha
  4076 | D:3      | Reached skill level 5 in Conjurations
  4239 | D:4      | Slain by an iguana

Skill      XL: |  1  2  3  4  5  6 |
---------------+-------------------+-----
Spellcasting   | 4 5 8 9 |  9.2
Conjurations   | 5 |  5.0
Dodging        | |  2.4
Stealth        | |  2.4

Action                   |  1- 3 |  4- 6 || total
-------------------------+-------+-------++-------
Melee: Unarmed           |    10 |       ||    10
       Mace              |     3 |     4 ||     7
       Quarterstaff      |       |     6 ||     6
 Cast: Magic Dart        |    74 |    60 ||   134
       Searing Ray       |     9 |    25 ||    34
 Stab: Sleeping          |     1 |       ||     1
  Eat: Chunk             |     2 |     7 ||     9
Armor: Robe              |     8 |    10 ||    18
Dodge: Dodged            |    35 |    39 ||    74
